 Dungeon Crawl Stone Soup version 0.31-a0-889-g1a8549509d (webtiles) character file.

Game seed: 8316205713970857349

1619036 Flugkiller the Scorcher (level 26, 234/234 HPs)
             Began as a Naga Fire Elementalist on Oct 16, 2023.
             Was the Champion of Ru.
             Escaped with the Orb
             ... and 3 runes!
             The game lasted 02:36:35 (73204 turns).

Flugkiller the Scorcher (Naga Fire Elementalist)   Turns: 73204, Time: 02:36:36

Health: 234/234    AC: 42    Str: 13    XL:     26
Magic:  40/40      EV:  9    Int: 22    God:    Ru [******]
Gold:   2978       SH:  0    Dex: 13    Spells: 2/51 levels left

rFire   + + .        b - +3 Elemental Staff {ele, rElec rF+ rC+ AC+3}
rCold   + + +        (shield unavailable)
rNeg    + . .        I - +4 skin of Zhor {*Englaciate rC+++ SInv}
rPois   +            N - +2 helmet
rElec   +            p - +2 cloak
rCorr   +            D - +1 pair of gloves "Cuwkehah" {rCorr}
SInv    +            g - +10 Black Knight's barding {ponderous, rPois rN+}
Will    +++..        j - amulet "Keletal" {rF+ Regen+}
Stlth   +            (ring unavailable)
HPRegen 1.39/turn    f - ring of wizardry
MPRegen 0.27/turn

%: wizardry (x1)
@: studying 3 skills, very slow
A: AC +8, large, see invisible, deformed body, poison resistance, slowness 2,
spit poison 1, missing a hand, unskilled 2, inexperienced 1, naga tail 2,
stinger 1, clumsy 1, cold resistance 1, deterioration 1, inability to read after
injury 1
0: Orb of Zot
}: 3/15 runes: barnacled, slimy, gossamer
a: Spit Poison, Renounce Religion, Draw Out Power, Power Leap, Apocalypse


You escaped.
You worshipped Ru.
Ru was exalted by your worship.
You visited 11 branches of the dungeon, and saw 54 of its levels.
You visited 1 bazaar.
You also visited: Sewer, Ossuary, Gauntlet and Ice Cave.

You collected 8674 gold pieces.
You spent 5696 gold pieces at shops.

Inventory:

Hand Weapons
 a - the +8 trishula "Condemnation" {holy, anguish, *Noise Fly rN+}
   (You found it in a Gauntlet)

   rN+:       It protects you from negative energy.
   Fly:       It grants you flight.
   *Noise:    It may make a loud noise when swung.
 b - the +3 Elemental Staff (weapon) {ele, rElec rF+ rC+ AC+3}
   (You bought it in a shop on level 4 of the Vaults)

   AC+3:      It affects your AC (+3).
   rF+:       It protects you from fire.
   rC+:       It protects you from cold.
   rElec:     It insulates you from electricity.
Missiles
 i - 8 curare-tipped darts
 m - 7 throwing nets
Armour
 g - the +10 Black Knight's barding (worn) {ponderous, rPois rN+}
   (You bought it in a shop in a bazaar)

   rPois:     It protects you from poison rN+: It protects you from negative
   energy.
 k - a scarf of harm
   (You found it on level 1 of the Depths)
 p - a +2 cloak (worn)
   (You found it on level 1 of the Lair of Beasts)
 D - the +1 pair of gloves "Cuwkehah" (worn) {rCorr}
   (You found it in a Gauntlet)

   rCorr:     It protects you from acid and corrosion.
 I - the +4 skin of Zhor (worn) {*Englaciate rC+++ SInv}
   (You found it in an ice cave)

   *Englaciate: It radiates cold, occasionally slowing all nearby creatures who
   are not resistant to cold.
   rC+++:     It renders you almost immune to cold.
   SInv:      It lets you see invisible.
 N - a +2 helmet (worn)
   (You found it in an ice cave)
Jewellery
 f - a ring of wizardry (right hand)
   (You found it on level 1 of the Depths)
 j - the amulet "Keletal" (around neck) {rF+ Regen+}
   (You bought it in a shop on level 2 of the Dungeon)

   [amulet of regeneration]

   rF+:       It protects you from fire.
   Regen+:    It increases your rate of health regeneration.
 v - a +5 ring of evasion
   (You found it on level 6 of the Dungeon)
 x - the ring "Qix Lin" {rPois rC- Will+ MP+9}
   (You found it on level 1 of the Vaults)

   [ring of magical power]

   rC-:       It makes you vulnerable to cold.
   rPois:     It protects you from poison Will+: It increases your willpower.
   MP+9:      It affects your magic capacity (+9).
 X - a +6 ring of intelligence
   (You found it on level 4 of the Spider Nest)
Wands
 s - a wand of mindburst (37)
   (You found it on level 5 of the Lair of Beasts)
 O - a wand of paralysis (31)
   (You found it on level 14 of the Dungeon)
 T - a wand of light (37)
   (You found it on level 15 of the Dungeon)
 U - a wand of digging (11)
   (You found it on level 15 of the Dungeon)
 V - a wand of roots (53)
   (You found it on level 11 of the Dungeon)
Scrolls
 o - 5 scrolls of immolation
 r - 4 scrolls of butterflies
 t - 7 scrolls of teleportation
 u - 4 scrolls of silence
 y - 9 scrolls of poison
 z - 4 scrolls of blinking
 B - 5 scrolls of fear
 K - 8 scrolls of fog
 M - 8 scrolls of enchant armour
 Z - 3 scrolls of vulnerability
Potions
 d - 7 potions of might
 e - 4 potions of mutation
 h - 5 potions of haste
 l - 4 potions of magic
 n - 2 potions of resistance
 q - 20 potions of curing
 w - 10 potions of heal wounds
 A - 13 potions of ambrosia
 G - 7 potions of enlightenment
 J - 5 potions of invisibility
 Q - a potion of brilliance
 R - 9 potions of berserk rage
 S - 3 potions of cancellation
 Y - 9 potions of attraction
Miscellaneous
 c - a phantom mirror
   (You found it on level 1 of the Vaults)
 C - a phial of floods
   (You found it on level 5 of the Lair of Beasts)
 E - a lightning rod (4/4)
   (You found it on level 5 of the Lair of Beasts)
 P - a condenser vane
   (You found it on level 4 of the Shoals)
 W - a box of beasts
   (You found it on level 1 of the Orcish Mines)


   Skills:
 + Level 13.0 Fighting
 - Level 5.4(5.6) Polearms
 - Level 1.9(4.0) Staves
 - Level 10.1 Armour
 - Level 4.5 Dodging
 - Level 3.3 Stealth
 - Level 13.0 Spellcasting
 - Level 17.0 Conjurations
 - Level 17.0 Summonings
 - Level 4.5 Translocations
 - Level 19.0 Fire Magic
 - Level 11.9 Earth Magic
 - Level 12.0 Evocations


You had 2 spell levels left.
You knew the following spells:

 Your Spells              Type           Power      Damage    Failure   Level
a - Spellforged Servitor  Conj/Summ      36%        N/A       1%          7
c - Flame Wave            Conj/Fire      96%        2d20      1%          4
d - Iskenderun's Mystic   Conj/Tloc      57%        2d12      1%          4
e - Bombard               Conj/Erth      43%        9d7       1%          6
f - Fireball              Conj/Fire      48%        3d19      1%          5
g - Starburst             Conj/Fire      48%        6d13      1%          6
h - Leda's Liquefaction   Hex/Erth       28%        N/A       1%          4
i - Irradiate             Conj/Tmut      25%        3d20      1%          5
I - Ignition              Fire           49%        3d14      4%          8

Your spell library contained the following spells:

 Spells                   Type           Power      Damage    Failure   Level
 Foxfire                  Conj/Fire      100%       2x1d9     0%          1
 Scorch                   Fire           100%       2d9       0%          2
 Apportation              Tloc           68%        N/A       1%          1
 Freeze                   Ice            84%        1d9       1%          1
 Sandblast                Erth           100%       2d20      1%          1
 Slow                     Hex            56%        N/A       1%          1
 Passwall                 Tmut/Erth      47%        N/A       1%          2
 Cigotuvi's Dreadful Rot  Necr/Pois/Air  42%        N/A       2%          2
 Ensorcelled Hibernation  Hex/Ice        42%        N/A       2%          2
 Jinxbite                 Hex            28%        N/A       2%          2
 Poisonous Vapours        Pois/Air       42%        N/A       2%          2
 Sublimation of Blood     Necr           14%        N/A       2%          2
 Call Canine Familiar     Summ           73%        N/A       0%          3
 Dazzling Flash           Conj/Hex       100%       N/A       1%          3
 Hailstorm                Conj/Ice       67%        3d14      1%          3
 Ignite Poison            Fire/Tmut/Pois 58%        N/A       1%          3
 Inner Flame              Hex/Fire       71%        N/A       1%          3
 Mephitic Cloud           Conj/Pois/Air  56%        N/A       1%          3
 Stone Arrow              Conj/Erth      100%       3d13      1%          3
 Teleport Other           Tloc           34%        N/A       1%          3
 Volatile Blastmotes      Fire/Tloc      100%       2d18      1%          3
 Animate Armour           Summ/Erth      100%       N/A       1%          4
 Brom's Barrelling Bould  Conj/Erth      87%        2d10      1%          4
 Fulminant Prism          Conj/Hex       25%        3d13      1%          4
 Petrify                  Tmut/Erth      57%        N/A       1%          4
 Sticky Flame             Conj/Fire      96%        2d11      1%          4
 Lee's Rapid Deconstruct  Erth           39%        3d19*     1%          5
 Summon Forest            Summ/Tloc      28%        N/A       1%          5
 Summon Mana Viper        Hex/Summ       51%        N/A       1%          5
 Summon Cactus Giant      Summ           36%        N/A       1%          6
 Manifold Assault         Tloc           34%        N/A       2%          4
 Borgnjor's Vile Clutch   Necr/Erth      28%        N/A       4%          5
 Freezing Cloud           Conj/Ice/Air   36%        6-21      4%          5
 Confusing Touch          Hex            14%        N/A       5%          3
 Frozen Ramparts          Ice            42%        1d7       5%          3
 Ozocubu's Armour         Ice            21%        N/A       5%          3
 Sigil of Binding         Hex            14%        N/A       5%          3
 Tukima's Dance           Hex            14%        N/A       5%          3
 Vampiric Draining        Necr           14%        2d7       5%          3
 Dimensional Bullseye     Hex/Tloc       12%        N/A       7%          4
 Summon Horrible Things   Summ           36%        N/A       11%         8
 Anguish                  Hex/Necr       7%         N/A       17%         4
 Animate Dead             Necr           14%        N/A       17%         4
 Cause Fear               Hex            7%         N/A       17%         4
 Olgreb's Toxic Radiance  Pois           14%        N/A       17%         4
 Malign Gateway           Summ/Tloc      28%        N/A       17%         7
 Haunt                    Necr/Summ      25%        N/A       41%         7
 Agony                    Necr           14%        N/A       43%         5
 Alistair's Intoxication  Tmut/Pois      9%         N/A       43%         5
 Metabolic Englaciation   Hex/Ice        10%        N/A       43%         5
 Silence                  Hex/Air        10%        N/A       43%         5
 Yara's Violent Unravell  Hex/Tmut       7%         3d5       43%         5
 Dragon's Call            Summ           36%        N/A       82%         9
 Eringya's Noxious Bog    Tmut/Pois      7%         4d6       92%         6
 Simulacrum               Ice/Necr       10%        N/A       92%         6
 Enfeeble                 Hex            7%         N/A       100%        7
 Ozocubu's Refrigeration  Ice            10%        4d9       100%        7
 Discord                  Hex            7%         N/A       100%        8
 Disjunction              Tloc           17%        N/A       100%        8
 Infestation              Necr           7%         N/A       100%        8
 Polar Vortex             Ice            10%        12d1*     100%        9


Dungeon Overview and Level Annotations

Branches:
Dungeon (15/15)            Temple (0/1) D:7            Lair (5/5) D:9
 Shoals (4/4) Lair:2       Spider (4/4) Lair:3        Slime (5/5) Lair:5
    Orc (2/2) D:11            Elf (3/3) Orc:2        Vaults (4/5) D:13
  Crypt (3/3) Vaults:3       Tomb (0/3) Crypt:3      Depths (4/4) D:15
    Zot (5/5) Depths:4      Sewer (visited)         Ossuary (visited)
  IceCv (visited)         Gauntlet (visited)

Altars:
Dithmenos
Elyvilon
Gozag
Kikubaaqudgha
Okawaru
Qazlal
Ru
Sif Muna
Trog
Uskayaw
Vehumet
Wu Jian
Xom
Yredelemnul
The Shining One
Jiyva
Lugonu

Shops:
D:1 [   D:2 =   D:9 *   D:14 [   Orc:1 ?**((   Orc:2 =!=[   Elf:1 *   Elf:3 =
Vaults:3 ?   Vaults:4 (:*(   Depths:1 ?   Depths:2 *   Depths:3 ***

Portals:
Hell: Depths:1 Depths:2 Depths:3 Depths:4
Abyss: Depths:3 Depths:4
Pandemonium: Depths:2*
Ziggurat: Depths:1

Annotations:
D:1 2 runed translucent doors
D:12 3 runed translucent doors, Syrassil's ghost, journeyman HOFi
Lair:2 1 runed translucent door, Rupert
Elf:2 3 runed translucent doors
Depths:3 3 runed translucent doors, exclusions: door and obsidian statue, Syrassil's ghost, veteran AtFi
Depths:4 3 runed translucent doors, Kitsup's ghost, adept HOMo


Innate Abilities, Weirdness & Mutations

Your serpentine skin is tough. (AC +8)
You have supernaturally acute eyesight. (SInv)
Armour fits poorly on your strangely shaped body.
Your system is resistant to poisons. (rPois)
You cover ground very slowly.
You can spit poison.
You are missing a hand.
You are unskilled. (-2 Apt)
You are somewhat inexperienced. (-1 XL)
You can use your snake-like lower body to constrict enemies.
Your tail ends in a venomous barb.
You are clumsy. (Dex -2)
Your flesh is cold resistant. (rC+)
Your body sometimes deteriorates upon taking damage.
You occasionally lose the ability to read scrolls when taking damage.


Message History

You climb upwards.
You radiate an aura of cold.
The frilled lizard seems to slow down.
There is a stone staircase leading down here.
A frilled lizard is nearby!
Unknown command.
Casting: Bombard (mildly dangerous; 1% risk of failure)
Confirm with . or Enter, or press ? or * to list all spells.
Aiming: Bombard (mildly dangerous; 1% risk of failure)
Press: ? - help, Shift-Dir - straight line, f - frilled lizard
Aim: a frilled lizard (slow, 60% to hit)
You feel a surge of power!
The iron shot hits the frilled lizard!!!
You kill the frilled lizard!
There is a stone staircase leading up here.
You climb upwards.
Level annotation: 2 runed translucent doors
There is a stone staircase leading down here.
An orange demon comes into view.
Casting: Bombard (mildly dangerous; 1% risk of failure)
Confirm with . or Enter, or press ? or * to list all spells.
Aiming: Bombard (mildly dangerous; 1% risk of failure)
Press: ? - help, Shift-Dir - straight line, f - orange demon
Aim: an orange demon (85% to hit)
You feel a surge of power!
The iron shot misses the orange demon.
You radiate an aura of cold.
The orange demon seems to slow down.
Casting: Bombard (mildly dangerous; 1% risk of failure)
Confirm with . or Enter, or press ? or * to list all spells.
Aiming: Bombard (mildly dangerous; 1% risk of failure)
Press: ? - help, Shift-Dir - straight line, f/p - orange demon
Aim: an orange demon (slow, 85% to hit)
You feel a surge of power!
The iron shot misses the orange demon.
The blast sends you backwards.
Casting: Bombard (mildly dangerous; 1% risk of failure)
Confirm with . or Enter, or press ? or * to list all spells.
Aiming: Bombard (mildly dangerous; 1% risk of failure)
Press: ? - help, Shift-Dir - straight line, f/p - orange demon
Aim: an orange demon (slow, 85% to hit)
You feel a surge of power!
The iron shot hits the orange demon!!!
The orange demon is almost dead.
The blast sends you backwards.
Casting: Bombard (mildly dangerous; 1% risk of failure)
Confirm with . or Enter, or press ? or * to list all spells.
Aiming: Bombard (mildly dangerous; 1% risk of failure)
Press: ? - help, Shift-Dir - straight line, f/p - orange demon
Aim: an orange demon (almost dead, slow, 85% to hit)
You feel a surge of power!
The iron shot misses the orange demon.
The orange demon is no longer moving slowly.
The orange demon stings you but does no damage.
The orange demon closely misses you.
You hit the orange demon.
You electrocute the orange demon!!
You kill the orange demon!
Your Fighting skill increases to level 13!
No target in view!
There is an open door here.
There is an open door here.
You see here a +0 club.
There is an open door here.
A ynoxinul comes into view.
You radiate an aura of cold.
The ynoxinul is unaffected.
Casting: Bombard (mildly dangerous; 1% risk of failure)
Confirm with . or Enter, or press ? or * to list all spells.
Aiming: Bombard (mildly dangerous; 1% risk of failure)
Press: ? - help, Shift-Dir - straight line, f - ynoxinul
Aim: a ynoxinul (76% to hit)
You feel a surge of power!
The iron shot misses the ynoxinul.
The blast sends you backwards.
Casting: Bombard (mildly dangerous; 1% risk of failure)
Confirm with . or Enter, or press ? or * to list all spells.
Aiming: Bombard (mildly dangerous; 1% risk of failure)
Press: ? - help, Shift-Dir - straight line, f/p - ynoxinul
Aim: a ynoxinul (76% to hit)
You feel a surge of power!
The iron shot hits the ynoxinul!!
You kill the ynoxinul!
Magic restored.
A tormentor comes into view.
You radiate an aura of cold.
The tormentor seems to slow down.
Casting: Bombard (mildly dangerous; 1% risk of failure)
Confirm with . or Enter, or press ? or * to list all spells.
Aiming: Bombard (mildly dangerous; 1% risk of failure)
Press: ? - help, Shift-Dir - straight line, f - tormentor
Aim: a tormentor (slow, 70% to hit)
You feel a surge of power!
The iron shot hits the tormentor!!
The tormentor is severely wounded.
You radiate an aura of cold.
The tormentor seems to slow down.
The tormentor calls on the powers of darkness!
Your body is wracked with pain!
Casting: Bombard (mildly dangerous; 1% risk of failure)
Confirm with . or Enter, or press ? or * to list all spells.
Aiming: Bombard (mildly dangerous; 1% risk of failure)
Press: ? - help, Shift-Dir - straight line, f/p - tormentor
Aim: a tormentor (severely wounded, slow, 70% to hit)
You feel a surge of power!
The iron shot hits the tormentor!!
You kill the tormentor!
There is a staircase leading out of the dungeon here.
You start resting.
Magic restored.
You start resting.
HP restored.
Enter note: gg You have escaped!

#....# ##..###.#.#..#...# #....#
#.###.(##.##...... #....#
#.#...#.##.#..##.. ####.#
#..######.#...#..# #.#
####.#...#..#...#.
########'########.#.###.##......
#............##..##.#.#...##...#
#............###..##.##.##...2#.
#............##@.#..#.##...#....
#............###################
#............####### #####
#............'.....## #....
#............#####..# #....
#............# ##.# #....
#............# #.### #)...
#............# #...######....
#............# ###......#....


There were no monsters in sight!

Vanquished Creatures
  the Royal Jelly (Slime:5)
  2 dread liches
  An orb of fire (Zot:5)
  2 juggernauts
  Parghit (Depths:4)
  2 curse toes (Zot:5)
  Saint Roka (Depths:2)
  A caustic shrike (Depths:1)
  5 Killer Klowns (Zot:5)
  A golden dragon (Depths:3)
  A pandemonium lord (Depths:3)
  Jory (Vaults:2)
  A bone dragon (Depths:4)
  A profane servitor (Crypt:3)
  Arachne (Spider:3)
  An electric golem (Zot:5)
  3 doom hounds (Crypt:1)
  3 tentacled monstrosities
  7 Orb Guardians (Zot:5)
  3 liches
  Grunn (Crypt:1)
  Mlioglotl (Shoals:4)
  2 deep elf master archers (Elf:3)
  A deep elf blademaster (Elf:3)
  A titan (Depths:1)
  Asterion (Spider:3)
  A quicksilver dragon (Zot:5)
  17 acid blobs
  6 sphinxes
  Polyphemus (Shoals:4)
  3 krakens
  3 ancient champions
  Gastronok (Lair:2)
  2 death cobs
  Donald (Vaults:1)
  7 rockslimes
  A tengu reaver (Depths:2)
  5 storm dragons
  2 fire giants (Depths:2)
  2 draconian knights (Zot:2)
  2 revenants
  5 deep elf sorcerers (Elf:3)
  7 frost giants
  7 azure jellies
  Ilsuiw (Shoals:2)
  2 draconian monks
  A draconian scorcher (Zot:4)
  2 iron dragons (Depths:2)
  4 emperor scorpions
  2 draconian shifters
  2 curse skulls
  Louise (Spider:2)
  The ghost of Syrassil the Severer, a journeyman MiGl of Dithmenos (Orc:1)
  6 vault wardens
  A caustic shrike zombie (Depths:2)
  6 deep elf elementalists (Elf:3)
  A draconian annihilator (Zot:3)
  A balrug (Depths:4)
  4 ghouls
  A demonspawn corrupter (Zot:3)
  13 quicksilver oozes
  5 ghost moths
  19 ironbound preservers
  3 war gargoyles
  A broodmother (Spider:3)
  An orc warlord (Vaults:2)
  21 very ugly things
  5 draconian stormcallers
  7 ironbound thunderhulks
  A reaper (Depths:2)
  5 stone giants
  2 formless jellyfish
  A juggernaut skeleton (Crypt:3)
  5 deep elf demonologists (Elf:3)
  6 green draconians
  14 vampire knights
  3 black draconians
  6 purple draconians
  2 putrid mouths (Crypt:1)
  3 white draconians
  Azrael (Spider:3)
  4 red draconians
  8 spark wasps
  A minotaur (Gauntlet)
  10 dire elephants
  6 eidola
  3 yellow draconians
  5 deep elf annihilators
  8 deep elf death magi
  3 merfolk impalers
  2 merfolk javelineers
  14 great orbs of eyes
  6 ettins
  2 spriggan zombies (Depths:2)
  An acid blob zombie (Crypt:2)
  11 entropy weavers
  9 yaktaur captains
  4 fire dragons
  2 deep elf high priests (Elf:3)
  21 jiangshi
  4 rakshasas
  7 ice dragons
  2 vault guards (Vaults:1)
  A peacekeeper (Vaults:4)
  12 hydras
  Fannar (D:10)
  2 alligator snapping turtles (Shoals:1)
  A catoblepas (Shoals:4)
  Erica (Lair:2)
  11 centaur warriors
  A merfolk avatar (Shoals:1)
  7 death knights
  12 ironbound frosthearts
  An ogre mage (Orc:2)
  3 radroaches
  A merfolk aquamancer (Shoals:2)
  5 satyrs (Shoals:4)
  An alligator (Shoals:1)
  21 dancing weapons
  6 death yaks
  6 two-headed ogres
  5 demonic crawlers
  5 spriggan air magi
  3 deep troll shamans
  7 boulder beetles
  6 deep troll earth magi
  2 vampire magi (Crypt:2)
  3 tengu warriors
  2 spriggan berserkers
  12 soul eaters
  4 hell knights
  14 deep elf knights
  A titan skeleton (Depths:2)
  A sixfirhy (Depths:2)
  7 shadow wraiths
  Amaemon (D:8)
  2 iron trolls
  5 skysharks
  2 goliath frogs (Lair:5)
  33 skeletal warriors
  3 pharaoh ants
  5 sea snakes
  A goliath frog (shapeshifter) (Elf:1)
  5 flayed ghosts
  3 sun moths
  12 orb spiders
  A shadow demon (Zot:3)
  6 glowing orange brains
  13 deep elf archers
  A lindwurm (Vaults:2)
  2 bog bodies (Crypt:1)
  62 deep trolls
  An iron giant skeleton (Crypt:2)
  3 wizards
  14 ironbound convokers
  7 phantasmal warriors
  A wolf spider (shapeshifter) (Vaults:4)
  5 orc knights
  6 steelbarb worms
  26 deep elf pyromancers
  10 harpies
  5 necromancers
  18 deep elf zephyrmancers
  A faun (shapeshifter) (Depths:1)
  16 fauns
  21 wolf spiders
  5 shining eyes
  14 orc sorcerers
  5 cyclopes
  34 ugly things
  8 moths of wrath
  A fire giant skeleton (Depths:1)
  A stone giant skeleton (Crypt:3)
  12 elephants
  8 manticores
  A frost giant skeleton (Crypt:1)
  13 vault sentinels
  9 merfolk sirens
  2 smoke demons (Depths:4)
  6 nameless horrors
  4 black mambas
  A gargoyle (D:13)
  3 eyes of devastation
  2 ice statues (IceCv)
  A torpor snail (shapeshifter) (Depths:3)
  2 water nymphs
  2 orange demons
  23 cane toads
  3 torpor snails
  A rime drake (shapeshifter) (D:14)
  2 unseen horrors
  8 komodo dragons
  A dire elephant skeleton (Crypt:2)
  Jeremiah (D:8)
  An efreet (D:15)
  9 rime drakes
  An ice devil (D:3)
  A hellion (D:8)
  17 yaktaurs
  A tormentor (D:1)
  A tengu conjurer (Depths:1)
  3 kobold demonologists (D:12)
  6 freezing wraiths
  A green draconian skeleton (Crypt:1)
  7 trolls
  A guardian mummy (Crypt:1)
  An iron troll skeleton (Crypt:2)
  3 meliai (Spider:1)
  A meliai (shapeshifter) (Depths:2)
  A tyrant leech (Lair:5)
  A queen bee (shapeshifter) (Elf:3)
  A red draconian skeleton (Crypt:2)
  A wind drake (Shoals:3)
  7 hornets
  20 merfolk
  2 polar bears
  23 blink frogs
  31 tarantellas
  A dream sheep (shapeshifter) (Depths:1)
  5 snapping turtles
  Prince Ribbit (D:7)
  A large abomination (Crypt:3)
  82 slime creatures
  47 flying skulls
  32 jumping spiders
  Sigmund (D:3)
  19 shadows
  7 wraiths
  5 air elementals
  A ynoxinul (D:1)
  51 yaks
  18 culicivoras
  A spriggan skeleton (Depths:1)
  18 water elementals
  3 wyverns
  A basilisk (Lair:5)
  10 fire elementals
  A neqoxec (Depths:2)
  Eustachio (D:4)
  7 golden eyes
  A steam dragon (shapeshifter) (Depths:1)
  2 humans
  65 redbacks
  A steam dragon (D:10)
  Menkaure (D:6)
  7 vampire mosquitoes
  A glowing shapeshifter zombie (Crypt:1)
  2 wargs
  A harpy simulacrum (Crypt:3)
  A two-headed ogre zombie (Crypt:2)
  An acid dragon (D:8)
  7 hell hounds
  12 water moccasins
  15 orc warriors
  A black bear (D:5)
  10 ogres
  19 wolves
  14 boggarts
  2 centaurs
  A phantom (D:6)
  3 small abominations (Crypt:3)
  5 kobold brigands
  10 bullfrogs
  A rime drake skeleton (Crypt:1)
  A gnoll sergeant (D:8)
  5 necrophages
  A two-headed ogre simulacrum (D:11)
  2 scorpions
  An earth elemental (Elf:1)
  A raiju zombie (Crypt:1)
  7 lindwurm simulacra (IceCv)
  4 electric eels
  3 howler monkeys
  5 komodo dragon simulacra (IceCv)
  A basilisk zombie (Crypt:2)
  12 orc priests
  A wolf skeleton (Crypt:1)
  4 jellies
  A human zombie (Crypt:1)
  A gnoll bouda (D:5)
  2 hounds
  4 sleepcaps
  3 human skeletons
  17 hell rats
  3 iguanas
  39 orc wizards
  3 spriggan simulacra
  2 troll simulacra (D:11)
  An ogre skeleton (Crypt:1)
  10 mummies
  7 gnolls
  5 acid dragon simulacra (IceCv)
  A naga simulacrum (D:11)
  2 river rats (Sewer)
  5 adders
  2 shadow imps (D:6)
  4 steam dragon simulacra (IceCv)
  4 adder zombies (Ossuary)
  6 worms
  A dart slug (D:3)
  62 orcs
  12 ball pythons
  10 bats
  10 endoplasms
  4 giant cockroaches
  7 goblins
  6 hobgoblins
  4 jackals (D:2)
  23 kobolds
  2 quokkas
  5 frilled lizards
  A goblin zombie (Ossuary)
  A hobgoblin zombie (Ossuary)
  2 kobold zombies (Ossuary)
  An orc zombie (Ossuary)
  5 quokka zombies (Ossuary)
  13 rats
  4 rat zombies (Ossuary)
  5 tentacles
2026 creatures vanquished.

Vanquished Creatures (collateral kills)
  3 orbs of fire (Zot:5)
  A Killer Klown (Zot:5)
  3 golden dragons
  2 electric golems
  A Tzitzimitl (D:15)
  4 tentacled monstrosities
  20 Orb Guardians
  A titan (Depths:1)
  A walking earthen tome (Depths:2)
  A quicksilver dragon (Zot:3)
  5 acid blobs
  2 rockslimes (Slime:5)
  3 azure jellies
  A draconian monk (Zot:2)
  2 fire giants
  An iron dragon (Depths:1)
  3 draconian annihilators
  A spriggan defender (Depths:1)
  2 quicksilver oozes
  3 stone giants (Depths:1)
  A lorocyproca (Depths:2)
  A very ugly thing (Depths:2)
  A vampire knight (Depths:1)
  3 white draconians
  A black draconian (Zot:5)
  5 purple draconians
  2 yellow draconians
  A green draconian (Zot:5)
  6 spark wasps
  4 red draconians
  An ettin (Depths:2)
  A fire dragon (Depths:2)
  3 great orbs of eyes (Slime:5)
  A rakshasa (Depths:2)
  A spriggan air mage (Depths:4)
  An ice dragon (Depths:4)
  A deep troll shaman (Depths:2)
  A demonic crawler (Spider:3)
  A tengu warrior (Depths:2)
  A sun demon (Depths:2)
  5 hell knights
  2 iron trolls (Depths:2)
  A shadow wraith (Vaults:1)
  2 deep trolls (Depths:2)
  A flayed ghost (Depths:1)
  A necromancer (Depths:1)
  10 ugly things
  A shining eye (Slime:5)
  3 moths of wrath
  An eye of devastation (Slime:1)
  A yaktaur (shapeshifter) (Depths:1)
  A tengu conjurer (Depths:1)
  A polar bear (shapeshifter) (Depths:1)
  A spriggan skeleton (Depths:1)
  A frost giant simulacrum (Depths:1)
  A nameless horror (Depths:1)
  7 slime creatures
  A fire elemental (Spider:3)
  A floating eye (shapeshifter) (Depths:2)
  An orc priest (Depths:2)
  An orc wizard (Depths:2)
  2 orcs (Depths:2)
143 creatures vanquished.

Vanquished Creatures (others)
  Bai Suzhen (Vaults:2)
  A bone dragon (Crypt:3)
  A deep elf blademaster (Elf:3)
  2 sphinxes (Shoals:4)
  A rockslime (Slime:3)
  A fire giant (Depths:3)
  A ghost moth (Spider:4)
  A cacodemon (Gauntlet)
  A quicksilver ooze (Slime:5)
  A stone giant (Depths:1)
  A formless jellyfish (Vaults:3)
  An ironbound preserver (Vaults:3)
  A very ugly thing (Depths:3)
  A yellow draconian (Zot:5)
  A spark wasp (Spider:4)
  A minotaur (Shoals:4)
  A dire elephant (Vaults:4)
  A jiangshi (Crypt:1)
  2 entropy weavers
  2 radroaches
  4 alligator snapping turtles
  A dancing weapon (Elf:2)
  A boulder beetle (D:11)
  3 satyrs (Shoals:4)
  2 tengu warriors
  A deep troll earth mage (D:15)
  Urug (D:12)
  3 demonic crawlers
  2 hell knights
  2 deep elf knights (Elf:1)
  A pharaoh ant (Spider:4)
  3 skeletal warriors
  A sea snake (Shoals:2)
  5 deep trolls
  A phantasmal warrior (Crypt:2)
  3 steelbarb worms
  2 harpies (Shoals:4)
  A deep elf pyromancer (Elf:1)
  6 deep elf zephyrmancers
  A nameless horror (Depths:1)
  A frost giant zombie (Crypt:1)
  An ugly thing (D:13)
  6 wolf spiders
  A faun (Shoals:4)
  5 manticores
  A vault sentinel (Vaults:4)
  2 torpor snails
  A cane toad (Lair:2)
  2 efreet
  A komodo dragon (Lair:5)
  A yaktaur (Vaults:3)
  A merfolk (Shoals:4)
  3 meliai (Spider:3)
  7 tarantellas
  2 blink frogs (Lair:5)
  2 jumping spiders (Spider:3)
  A slime creature (Vaults:4)
  3 culicivoras
  A shadow (Crypt:1)
  A yak (Lair:5)
  A water elemental (Elf:1)
  4 redbacks
  A vampire mosquito (Lair:5)
  A boggart (Vaults:1)
  An orc wizard (Orc:2)
  1124 foxfires
  22 tentacles
1264 creatures vanquished.

Grand Total: 3433 creatures vanquished

Notes
Turn   | Place    | Note
-------+----------+-------------------------------------------
     0 | D:1      | Flugkiller the Naga Fire Elementalist began the quest for
                  | the Orb.
     0 | D:1      | Reached XP level 1. HP: 15/15 MP: 3/3
   557 | D:1      | Reached XP level 2. HP: 22/22 MP: 3/5
   637 | D:1      | Found Ejaledd's Armour Shoppe.
  1289 | D:1      | Found a large runed translucent door.
  1289 | D:1      | Found a large runed translucent door.
  1299 | D:1      | Reached skill level 1 in Fighting
  1961 | D:2      | Found a shadowy altar of Dithmenos.
  1974 | D:2      | Reached XP level 3. HP: 31/31 MP: 1/6
  2173 | D:2      | Found Jicyesuw's Jewellery Shoppe.
  2277 | D:2      | Learned a level 2 spell: Scorch
  2644 | D:2      | Found a faded altar of an unknown god.
  2649 | D:2      | Prayed at the altar of an unknown god.
  2649 | D:2      | Became a worshipper of Ru the Awakened
  2652 | D:2      | Gained mutation: You are missing a hand. [Ru sacrifice]
  2652 | D:2      | Reached * piety under Ru
  2652 | D:2      | Reached ** piety under Ru
  2652 | D:2      | Reached *** piety under Ru
  2906 | D:3      | Reached skill level 4 in Fire Magic
  2912 | D:3      | Reached XP level 4. HP: 26/38 MP: 1/7
  3582 | D:3      | Noticed Sigmund
  3590 | D:3      | Killed Sigmund
  3591 | D:3      | Reached skill level 5 in Fire Magic
  3591 | D:3      | Reached XP level 5. HP: 24/44 MP: 0/9
  3591 | D:3      | Reached XP level 6. HP: 28/51 MP: 0/10
  3721 | D:4      | Found a glowing drain.
  3798 | Sewer    | Entered a sewer
  4202 | Sewer    | Reached skill level 6 in Fire Magic
  4561 | Sewer    | Reached XP level 7. HP: 52/60 MP: 5/12
  4775 | D:4      | Noticed Eustachio
  4783 | D:4      | Killed Eustachio
  4784 | D:4      | Reached skill level 7 in Fire Magic
  5370 | D:4      | Found a hide-covered altar of Uskayaw.
  5522 | D:5      | Entered Level 5 of the Dungeon
  5544 | D:5      | Reached XP level 8. HP: 67/67 MP: 1/14
  5681 | D:5      | Gained mutation: You are somewhat unskilled. (-1 Apt) [Ru
                  | sacrifice]
  5681 | D:5      | Reduced skill Fighting to level 1
  5681 | D:5      | Reduced skill Conjurations to level 1
  5681 | D:5      | Reached **** piety under Ru
  6318 | D:6      | Found a sand-covered staircase.
  6346 | Ossuary  | Entered an ossuary
  6829 | D:6      | Found a white marble altar of Elyvilon.
  6943 | D:6      | Found a shimmering blue altar of Sif Muna.
  6971 | D:6      | Reached skill level 8 in Fire Magic
  7014 | D:6      | Noticed Menkaure
  7024 | D:6      | Killed Menkaure
  7129 | D:6      | Learned a level 4 spell: Flame Wave
  7421 | D:6      | Identified a scroll of acquirement
  7517 | D:5      | Reached XP level 9. HP: 42/78 MP: 1/15
  7736 | D:6      | Acquired the +1 barding of Objectivity {Fly MP+9}
  7869 | D:7      | Noticed an unseen horror
  7879 | D:7      | Killed an unseen horror
  7967 | D:7      | Reached skill level 5 in Conjurations
  7972 | D:7      | Noticed a hornet
  7978 | D:7      | Killed a hornet
  7979 | D:7      | Gained mutation: You are somewhat inexperienced. (-1 XL)
                  | [Ru sacrifice]
  7979 | D:7      | Reached XP level 8. HP: 67/72 MP: 9/23
  7979 | D:7      | Reached ***** piety under Ru
  8022 | D:7      | Noticed Prince Ribbit
  8040 | D:7      | Killed Prince Ribbit
  8302 | D:7      | Found a staircase to the Ecumenical Temple.
  8507 | D:8      | Noticed a hornet
  8515 | D:8      | Killed a hornet
  8516 | D:8      | Reached XP level 9. HP: 53/78 MP: 8/15
  8756 | D:8      | Found a bloodstained altar of Trog.
  8837 | D:8      | Noticed Jeremiah
  8850 | D:8      | Killed Jeremiah
  8851 | D:8      | Reached skill level 1 in Armour
  9076 | D:8      | Noticed Amaemon
  9076 | D:8      | Noticed an orange demon
  9085 | D:8      | Killed an orange demon
  9086 | D:8      | Killed Amaemon
  9443 | D:9      | Noticed a two-headed ogre
  9450 | D:9      | Killed a two-headed ogre
  9593 | D:9      | Found Hoopny's General Store.
  9638 | D:9      | Found a staircase to the Lair.
  9764 | D:2      | Bought the amulet "Keletal" {rF+ Regen+} for 484 gold
                  | pieces
 10291 | D:9      | You are sucked into a shaft and drop 1 floor!
 10291 | D:10     | Entered Level 10 of the Dungeon
 10366 | D:10     | Found an ancient bone altar of Kikubaaqudgha.
 10374 | D:10     | Reached skill level 5 in Dodging
 10415 | D:10     | Found an iron altar of Okawaru.
 10643 | D:10     | Noticed Fannar
 10649 | D:10     | Killed Fannar
 10650 | D:10     | Reached skill level 5 in Armour
 10650 | D:10     | Reached XP level 10. HP: 45/85 MP: 13/16
 10858 | D:10     | Found a sacrificial altar of Ru.
 11093 | D:10     | Noticed a two-headed ogre
 11101 | D:10     | Killed a two-headed ogre
 11102 | D:10     | Reached skill level 5 in Fighting
 11695 | D:11     | Noticed a cyclops
 11711 | D:11     | Killed a cyclops
 11750 | D:11     | Found a frozen archway.
 11826 | IceCv    | Entered an ice cave
 12826 | IceCv    | Noticed an ice dragon
 12949 | IceCv    | Killed an ice dragon
 12950 | IceCv    | Reached skill level 9 in Fire Magic
 13042 | IceCv    | Found the +4 skin of Zhor {*Englaciate rC+++ SInv}
 13081 | IceCv    | Identified the ring of Usegus {rPois rN+ Str+2 Dex+6}
 13291 | D:11     | Noticed a cyclops
 13300 | D:11     | Killed a cyclops
 13517 | D:11     | Found a staircase to the Orcish Mines.
 13836 | D:11     | Reached XP level 11. HP: 97/97 MP: 10/17
 14159 | D:9      | Noticed a two-headed ogre
 14166 | D:9      | Killed a two-headed ogre
 14355 | Lair:1   | Entered Level 1 of the Lair of Beasts
 14381 | Lair:1   | Reached skill level 10 in Conjurations
 14381 | Lair:1   | Reached skill level 10 in Fire Magic
 14665 | Lair:1   | Reached skill level 5 in Spellcasting
 15567 | Lair:2   | Found a staircase to the Shoals.
 15599 | Lair:2   | Found a gate leading to a gauntlet.
 15625 | Lair:2   | Noticed an eight-headed hydra
 15636 | Lair:2   | Killed an eight-headed hydra
 15640 | Gauntlet | Entered a Gauntlet
 15640 | Gauntlet | Found a transporter.
 15640 | Gauntlet | Found a transporter.
 15650 | Gauntlet | Noticed a cacodemon
 15653 | Gauntlet | Found a transporter.
 15655 | Gauntlet | Found a transporter.
 15664 | Gauntlet | Found a transporter.
 15675 | Gauntlet | Found a transporter.
 15696 | Gauntlet | Found a transporter.
 15735 | Gauntlet | Found a transporter.
 15747 | Gauntlet | Found a transporter.
 15761 | Gauntlet | Found a transporter.
 15767 | Gauntlet | Noticed a soul eater
 15771 | Gauntlet | Found a transporter.
 15786 | Gauntlet | Found a transporter.
 15832 | Gauntlet | Learned a level 4 spell: Iskenderun's Mystic Blast
 15890 | Gauntlet | Killed a cacodemon
 15891 | Gauntlet | Reached skill level 1 in Translocations
 15896 | Gauntlet | Identified the staff "Zozxowk" {rC+ SInv Conj}
 15906 | Gauntlet | Identified the +1 pair of gloves "Cuwkehah" {rCorr}
 16109 | Gauntlet | Identified the +12 flail of Girghim {venom, Drain Str+4
                  | Dex+3}
 16109 | Gauntlet | Identified the ring "Imuuppol" {Ice rPois Int+5 Dex-5 SInv}
 16109 | Gauntlet | Noticed a minotaur
 16110 | Gauntlet | Found the +8 trishula "Condemnation" {holy, anguish, *Noise
                  | Fly rN+}
 16119 | Gauntlet | Killed a minotaur
 16167 | Gauntlet | Identified the +3 ring mail of Good Intentions {rElec
                  | Str+3}
 16172 | Gauntlet | Identified the +1 ring mail of the Old and Reckless {rF+
                  | rCorr Str-2}
 16242 | Lair:2   | Reached XP level 12. HP: 95/104 MP: 17/20
 16309 | Lair:2   | Noticed Erica
 16326 | Lair:2   | Killed Erica
 16327 | Lair:2   | Reached skill level 5 in Translocations
 16334 | Lair:2   | Learned a level 6 spell: Bombard
 16434 | Lair:2   | Found a runed translucent door.
 16437 | Lair:2   | Noticed Rupert
 16527 | Lair:2   | Noticed Gastronok
 16538 | Lair:2   | Killed Gastronok
 16539 | Lair:2   | Reached skill level 1 in Earth Magic
 17416 | Lair:3   | Found a glowing golden altar of the Shining One.
 17637 | Lair:3   | Found a hole to the Spider Nest.
 18730 | Lair:4   | Reached skill level 5 in Earth Magic
 19102 | Lair:5   | Entered Level 5 of the Lair of Beasts
 19111 | Lair:5   | Gained mutation: You can use your snake-like lower body to
                  | constrict enemies. [Naga growth]
 19111 | Lair:5   | Reached XP level 13. HP: 93/115 MP: 21/23
 20511 | Lair:5   | Found a viscous altar of Jiyva.
 20518 | Lair:5   | Reached skill level 10 in Earth Magic
 20519 | Lair:5   | Found a staircase to the Slime Pits.
 21328 | D:12     | Acquired 634 gold pieces
 21415 | D:12     | Noticed Urug
 21424 | D:12     | Killed Urug
 21425 | D:12     | Reached XP level 14. HP: 97/123 MP: 5/24
 21796 | D:12     | Found a runed translucent gate.
 21796 | D:12     | Found a runed translucent gate.
 21796 | D:12     | Found a runed translucent gate.
 21797 | D:12     | Noticed Syrassil's ghost (journeyman HOFi)
 21797 | D:12     | Found the +8 demon trident "Rift" {distort, reach+}
 21998 | D:13     | Noticed Sonja
 22010 | D:13     | Sonja changed into Sonja the water moccasin
 22010 | D:13     | Noticed Sonja
 22013 | D:13     | Killed Sonja the water moccasin
 22350 | D:13     | Reached skill level 1 in Evocations
 22584 | D:13     | Found a gate to the Vaults.
 23332 | D:14     | Found Fomu's Armour Emporium.
 23392 | D:14     | Reached skill level 5 in Evocations
 23969 | D:15     | Entered Level 15 of the Dungeon
 24356 | D:15     | Reached skill level 1 in Polearms
 24554 | D:15     | Found a staircase to the Depths.
 25526 | Orc:1    | Entered Level 1 of the Orcish Mines
 25526 | Orc:1    | Found Qonlayps's Antique Weapon Boutique.
 25535 | Orc:1    | Found Urak's Assorted Antiques.
 25734 | Orc:1    | Found Marov's Magic Scroll Boutique.
 25790 | Orc:1    | Found Jutog's General Store.
 25850 | Orc:2    | Entered Level 2 of the Orcish Mines
 25916 | Orc:2    | Found a staircase to the Elven Halls.
 26113 | Orc:2    | Found Pyfro's Antique Armour Boutique.
 26262 | Orc:2    | Found a radiant altar of Vehumet.
 26270 | Orc:2    | Reached XP level 15. HP: 135/135 MP: 19/25
 26387 | Orc:2    | Found an ancient bone altar of Kikubaaqudgha.
 26409 | Orc:2    | Found Ymev's Jewellery Shop.
 26416 | Orc:2    | Paralysed by an orc sorcerer for 4 turns
 26430 | Orc:2    | Found Ujyingil's Distillery.
 26440 | Orc:2    | Bought a potion of resistance for 140 gold pieces
 26440 | Orc:2    | Bought a potion of mutation for 112 gold pieces
 26440 | Orc:2    | Bought a potion of cancellation for 112 gold pieces
 26440 | Orc:2    | Bought 2 potions of magic for 224 gold pieces
 26440 | Orc:2    | Bought a potion of brilliance for 56 gold pieces
 26472 | Orc:2    | Found Hoajom's Jewellery Shop.
 26852 | Orc:1    | Found a runed translucent door.
 26853 | Orc:1    | Found a shimmering altar of Xom.
 26853 | Orc:1    | Noticed Syrassil's ghost (journeyman MiGl)
 26887 | Orc:1    | Found Loypod's Weapon Shoppe.
 27121 | Orc:1    | Killed Syrassil's ghost
 27160 | Orc:1    | Upgraded the game from 0.31-a0-881-ge136f0c47a to
                  | 0.31-a0-889-g1a8549509d
 27356 | Spider:1 | Entered Level 1 of the Spider Nest
 27630 | Lair:3   | Learned a level 5 spell: Fireball
 27771 | Spider:1 | Reached skill level 10 in Fighting
 29339 | Spider:2 | Noticed Louise
 29353 | Spider:2 | Killed Louise
 30343 | Spider:2 | Reached XP level 16. HP: 132/150 MP: 26/26
 30898 | Spider:3 | Noticed Azrael
 30912 | Spider:3 | Noticed Asterion
 30915 | Spider:3 | Killed Azrael
 30929 | Spider:3 | Killed Asterion
 31430 | Spider:4 | Entered Level 4 of the Spider Nest
 31664 | Spider:4 | Reached skill level 10 in Armour
 31836 | Spider:3 | Reached skill level 10 in Evocations
 31947 | Spider:4 | Noticed Arachne
 32159 | Spider:3 | Killed Arachne
 33469 | Spider:4 | Reached XP level 17. HP: 152/157 MP: 28/28
 33900 | Spider:4 | Got a gossamer rune of Zot
 34322 | Shoals:1 | Entered Level 1 of the Shoals
 35326 | Shoals:2 | Noticed Ilsuiw
 35338 | Shoals:2 | Killed Ilsuiw
 35813 | Shoals:2 | Reached skill level 11 in Fire Magic
 36112 | Shoals:2 | You are sucked into a shaft and drop 1 floor!
 37407 | Shoals:4 | Identified the "Tengoumu"
 37407 | Shoals:4 | Entered Level 4 of the Shoals
 37730 | Shoals:4 | Noticed Mlioglotl
 37740 | Shoals:4 | Killed Mlioglotl
 38319 | Shoals:4 | Paralysed by a sphinx for 5 turns
 38333 | Shoals:4 | Reached XP level 18. HP: 165/165 MP: 31/31
 38533 | Shoals:4 | Reached skill level 12 in Fire Magic
 38609 | Shoals:4 | Identified the staff "Wocoab" {Int-2 Dex+6 Stlth+ Conj}
 38683 | Shoals:4 | Got a barnacled rune of Zot
 38831 | Shoals:4 | Noticed Polyphemus
 38854 | Shoals:4 | Killed Polyphemus
 39138 | Vaults:1 | Identified the "Ygioxt"
 39138 | Vaults:1 | Identified the "Jairisa"
 39138 | Depths:1 | Identified the "Qasoj"
 39138 | Depths:3 | Identified the "Fatuluh"
 39138 | Elf:1    | Identified the "Vinkusm"
 39138 | Elf:1    | Identified the "Yppiomur"
 39138 | Elf:1    | Entered Level 1 of the Elven Halls
 39241 | Elf:1    | Paralysed by an air elemental for 1 turns
 39468 | Elf:1    | Reached skill level 5 in Polearms
 40565 | Elf:1    | Found Ladwun's General Store.
 40590 | Elf:1    | Bought a wand of roots (5) for 144 gold pieces
 41098 | Elf:2    | Paralysed by an air elemental for 1 turns
 41260 | Elf:2    | Paralysed by an air elemental for 1 turns
 41569 | Elf:2    | Reached skill level 13 in Fire Magic
 41570 | Elf:2    | Reached skill level 15 in Conjurations
 41944 | Elf:2    | Found a runed translucent gate.
 41944 | Elf:2    | Found a runed translucent gate.
 41945 | Elf:2    | Found a runed translucent gate.
 42052 | Elf:2    | Identified the +3 scale mail of the Shrike {-Tele Will-
                  | rCorr Str+9}
 42267 | Elf:3    | Identified the "Ripar"
 42267 | Elf:3    | Entered Level 3 of the Elven Halls
 42325 | Elf:3    | Found Jeggeniz's Jewellery Shop.
 42327 | Elf:3    | Paralysed by an air elemental for 1 turns
 42331 | Elf:3    | Paralysed by an air elemental for 1 turns
 42335 | Elf:3    | Paralysed by an air elemental for 1 turns
 42741 | Elf:3    | Paralysed by an air elemental for 1 turns
 42747 | Elf:3    | Paralysed by an air elemental for 1 turns
 43243 | Elf:3    | Reached XP level 19. HP: 50/171 MP: 10/32
 43381 | Elf:3    | Reached skill level 14 in Fire Magic
 43931 | Elf:3    | Reached skill level 10 in Spellcasting
 44361 | Elf:3    | Found the +5 Storm Queen's Shield {shock, Fly rElec}
 44392 | Elf:3    | Identified the staff "Cuacahadgh" {rC+ Dex+3 Ice}
 44606 | Elf:3    | Learned a level 6 spell: Starburst
 44611 | Elf:3    | Learned a level 4 spell: Leda's Liquefaction
 44807 | Vaults:1 | Entered Level 1 of the Vaults
 45899 | Vaults:1 | Noticed Donald
 45904 | Vaults:1 | Killed Donald
 46202 | Vaults:1 | Reached skill level 15 in Fire Magic
 46203 | Vaults:1 | Noticed a dread lich
 46451 | Vaults:1 | Identified the ring "Qix Lin" {rPois rC- Will+ MP+9}
 46457 | Vaults:1 | Identified the +9 hand axe "Puat" {speed, rElec Int+2 Dex-4
                  | SInv}
 46733 | Lair:2   | Learned a level 7 spell: Spellforged Servitor
 46925 | Vaults:1 | Killed a dread lich
 46926 | Vaults:1 | Reached skill level 1 in Summonings
 47498 | Vaults:2 | Found a flickering gateway to a bazaar.
 47523 | Bazaar   | Entered a bazaar
 47527 | Bazaar   | Found Bariax's Assorted Antiques.
 47549 | Bazaar   | Found Vofrihil's Antique Weapon Emporium.
 47570 | Bazaar   | Found Xiyt's Book Boutique.
 47590 | Bazaar   | Found Vonkag's Assorted Antiques.
 47617 | Bazaar   | Bought the +10 Black Knight's barding {ponderous, rPois
                  | rN+} for 1268 gold pieces
 47617 | Bazaar   | Found the +10 Black Knight's barding {ponderous, rPois rN+}
 47720 | Bazaar   | Bought a potion of heal wounds for 110 gold pieces
 47720 | Bazaar   | Bought a wand of light (4) for 369 gold pieces
 47720 | Bazaar   | Bought a wand of light (5) for 462 gold pieces
 47767 | Vaults:2 | Reached XP level 20. HP: 133/181 MP: 3/34
 48336 | Vaults:2 | Noticed Bai Suzhen
 48361 | Vaults:2 | Killed Bai Suzhen
 48972 | Vaults:2 | Noticed Jory
 48985 | Vaults:2 | Killed Jory
 49325 | Vaults:3 | Reached skill level 5 in Summonings
 50066 | Vaults:3 | Found a staircase to the Crypt.
 50162 | Vaults:3 | Gained mutation: You are unskilled. (-2 Apt) [Ru sacrifice]
 50162 | Vaults:3 | Reduced skill Fighting to level 10
 50162 | Vaults:3 | Reduced skill Polearms to level 5
 50162 | Vaults:3 | Reduced skill Armour to level 10
 50162 | Vaults:3 | Reduced skill Spellcasting to level 10
 50162 | Vaults:3 | Reduced skill Fire Magic to level 13
 50162 | Vaults:3 | Reached ****** piety under Ru
 50173 | Vaults:3 | Reached XP level 21. HP: 125/184 MP: 11/35
 50801 | Vaults:3 | Paralysed by a formless jellyfish for 1 turns
 50891 | Vaults:3 | Found Wauqo's Magic Scroll Boutique.
 50918 | Vaults:3 | Bought a scroll of blinking for 112 gold pieces
 50918 | Vaults:3 | Bought a scroll of revelation for 112 gold pieces
 51354 | Vaults:4 | Found Vuust's Assorted Antiques.
 51370 | Vaults:4 | Bought a scroll of blinking for 307 gold pieces
 51729 | Vaults:4 | Reached XP level 22. HP: 100/193 MP: 8/37
 51907 | Vaults:4 | Found Linik's Weapon Boutique.
 51927 | Vaults:4 | Bought the +3 Elemental Staff {ele, rElec rF+ rC+ AC+3} for
                  | 913 gold pieces
 51927 | Vaults:4 | Found the +3 Elemental Staff {ele, rElec rF+ rC+ AC+3}
 52158 | Vaults:4 | Found Vaguh's Weapon Shop.
 52271 | Vaults:4 | Found Darigo's Book Shoppe.
 52511 | Vaults:4 | Reached skill level 10 in Summonings
 53230 | Crypt:1  | Entered Level 1 of the Crypt
 53420 | Crypt:1  | Noticed Grunn
 53432 | Crypt:1  | Killed Grunn
 56807 | Crypt:3  | Entered Level 3 of the Crypt
 57104 | Crypt:3  | Found a basalt altar of Yredelemnul.
 57374 | Crypt:3  | Reached XP level 23. HP: 148/189 MP: 33/39
 57502 | Crypt:3  | Found the +6 Majin-Bo {spellvamp, MP+6 Int+6}
 57529 | Crypt:3  | Identified the +8 hand axe of Linearity {freeze, *Rage
                  | Will+ Dex+7}
 57822 | Crypt:3  | Found the +18 shield of the Gong {Loud rN+ Will+ rCorr
                  | EV-5}
 58243 | Crypt:3  | Reached skill level 15 in Summonings
 58245 | Crypt:3  | Found a staircase to the Tomb.
 58394 | Crypt:3  | Identified the +2 morningstar of Charity {freeze, Dex+6}
 58396 | Crypt:3  | Identified the +8 broad axe of Syturix {holy, rC- Will+
                  | MP+9 Str+5}
 58674 | Crypt:3  | Reached skill level 1 in Staves
 59008 | Depths:1 | Entered Level 1 of the Depths
 59008 | Depths:1 | Found Vowkuef's Magic Scroll Shoppe.
 59182 | Depths:1 | Bought a scroll of blinking for 127 gold pieces
 59210 | Depths:1 | Found a stormy altar of Qazlal.
 59336 | Depths:1 | Found a one-way gateway to a ziggurat.
 59355 | Depths:1 | Reached skill level 14 in Fire Magic
 59468 | Depths:1 | Noticed a caustic shrike
 59477 | Depths:1 | Reached skill level 15 in Conjurations
 59478 | Depths:1 | Killed a caustic shrike
 59514 | Depths:1 | Noticed a juggernaut
 59525 | Depths:1 | Killed a juggernaut
 59744 | Depths:1 | Reached skill level 10 in Evocations
 60597 | Depths:1 | Identified the ring "Kiunapt" {rC- MP+9 Dex+6 SInv}
 60686 | Depths:1 | Found an ornate altar of the Wu Jian Council.
 60847 | Depths:1 | Found a gateway to Hell.
 60900 | Depths:2 | Found a faded altar of an unknown god.
 61462 | Depths:2 | Reached XP level 24. HP: 170/213 MP: 7/39
 61829 | Depths:2 | Found Fefa's Gadget Gallery.
 62021 | Depths:2 | Noticed Saint Roka
 62036 | Depths:2 | Killed Saint Roka
 62139 | Depths:2 | Found a one-way gate leading to the halls of Pandemonium.
 62567 | Depths:2 | Learned a level 5 spell: Irradiate
 62913 | Depths:3 | Found Ylesmets's General Store.
 62970 | Depths:3 | Found a runed translucent gate.
 62970 | Depths:3 | Found a runed translucent gate.
 62972 | Depths:3 | Found an opulent altar of Gozag.
 62974 | Depths:3 | Found a runed translucent gate.
 62975 | Depths:3 | Noticed Syrassil's ghost (veteran AtFi)
 62975 | Depths:3 | Found Misungid's Assorted Antiques.
 62976 | Depths:3 | Found Tefut's Assorted Antiques.
 63091 | Depths:3 | Found a one-way gate to the infinite horrors of the Abyss.
 64087 | Depths:4 | Entered Level 4 of the Depths
 64604 | Depths:4 | Found a corrupted altar of Lugonu.
 64615 | Depths:4 | Noticed a juggernaut
 64623 | Depths:4 | Killed a juggernaut
 64835 | Depths:4 | Reached skill level 15 in Fire Magic
 64925 | Depths:4 | Found a gate to the Realm of Zot.
 64998 | Depths:4 | Found the +2 hood of the Assassin {Detect Stab+ Stlth++}
 65241 | Depths:4 | Found a runed translucent gate.
 65241 | Depths:4 | Found a runed translucent gate.
 65241 | Depths:4 | Found a runed translucent gate.
 65242 | Depths:4 | Noticed Kitsup's ghost (adept HOMo)
 65252 | Depths:4 | Noticed Parghit
 65269 | Depths:4 | Killed Parghit
 66032 | Vaults:4 | Bought the Unrestrained Analects for 644 gold pieces
 66146 | Vaults:3 | Learned a level 8 spell: Ignition
 66430 | Slime:1  | Entered Level 1 of the Pits of Slime
 67133 | Slime:2  | Gained mutation: You are frail. (-10% HP) [a shining eye]
 67260 | Slime:2  | Gained mutation: Your magical capacity is low. (-10% MP) [a
                  | shining eye]
 67297 | Slime:3  | Gained mutation: You occasionally shout uncontrollably at
                  | your foes. [a shining eye]
 67458 | Slime:3  | Reached skill level 16 in Fire Magic
 67461 | Slime:3  | Reached XP level 25. HP: 176/200 MP: 13/36
 67985 | Slime:5  | Identified the "Xoum"
 67985 | Slime:5  | Entered Level 5 of the Pits of Slime
 68143 | Slime:5  | Reached skill level 17 in Fire Magic
 68570 | Slime:5  | Noticed the Royal Jelly
 68578 | Slime:5  | Killed the Royal Jelly
 68661 | Slime:5  | Identified the ring of the Hurtling Gods {Will+ rCorr SInv}
 68665 | Slime:5  | Got a slimy rune of Zot
 68697 | Slime:5  | Identified the staff "Biesuo" {rN+ rCorr Str-3 Int+5 Earth}
 68707 | Slime:5  | Identified the +0 leather armour "Jutarunu" {Contam +Blink
                  | +Inv rF++}
 68895 | Lair:5   | Lost mutation: You occasionally shout uncontrollably at
                  | your foes. [potion of mutation]
 68895 | Lair:5   | Lost mutation: You are frail. (-10% HP) [potion of
                  | mutation]
 68895 | Lair:5   | Gained mutation: Your magical capacity is very low. (-20%
                  | MP) [potion of mutation]
 68895 | Lair:5   | Gained mutation: You have hidden genetic potential. [potion
                  | of mutation]
 68895 | Lair:5   | Gained mutation: Your magical capacity is extremely low.
                  | (-30% MP) [potion of mutation]
 68895 | Lair:5   | Gained mutation: You are partially covered in iridescent
                  | scales. (AC +2) [potion of mutation]
 68896 | Lair:5   | Lost mutation: Your magical capacity is extremely low.
                  | (-30% MP) [potion of mutation]
 68896 | Lair:5   | Lost mutation: You are partially covered in iridescent
                  | scales. (AC +2) [potion of mutation]
 68896 | Lair:5   | Gained mutation: You possess an exceptional clarity of
                  | mind. [potion of mutation]
 68897 | Lair:5   | Lost mutation: You possess an exceptional clarity of mind.
                  | [potion of mutation]
 68897 | Lair:5   | Lost mutation: You have hidden genetic potential. [potion
                  | of mutation]
 68897 | Lair:5   | Lost mutation: Your magical capacity is very low. (-20% MP)
                  | [potion of mutation]
 68897 | Lair:5   | Gained mutation: You have hidden genetic defects. [potion
                  | of mutation]
 68897 | Lair:5   | Gained mutation: You can exhale a cloud of poison. [potion
                  | of mutation]
 68897 | Lair:5   | Gained mutation: Your muscles are strong. (Str +4, Int/Dex
                  | -1) [potion of mutation]
 68898 | Lair:5   | Lost mutation: Your muscles are strong. (Str +4, Int/Dex
                  | -1) [potion of mutation]
 68898 | Lair:5   | Lost mutation: Your magical capacity is low. (-10% MP)
                  | [potion of mutation]
 68898 | Lair:5   | Lost mutation: You can exhale a cloud of poison. [potion of
                  | mutation]
 68898 | Lair:5   | Gained mutation: Your spells are a little harder to cast,
                  | but a little more powerful. [potion of mutation]
 68898 | Lair:5   | Gained mutation: You are dopey. (Int -2) [potion of
                  | mutation]
 68899 | Lair:5   | Lost mutation: Your spells are a little harder to cast, but
                  | a little more powerful. [potion of mutation]
 68899 | Lair:5   | Lost mutation: You have hidden genetic defects. [potion of
                  | mutation]
 68899 | Lair:5   | Lost mutation: You are dopey. (Int -2) [potion of mutation]
 68899 | Lair:5   | Gained mutation: Your tail ends in a venomous barb. [potion
                  | of mutation]
 68899 | Lair:5   | Gained mutation: Potions are less effective at restoring
                  | your health. [potion of mutation]
 68900 | Lair:5   | Lost mutation: Potions are less effective at restoring your
                  | health. [potion of mutation]
 68900 | Lair:5   | Lost mutation: Your tail ends in a venomous barb. [potion
                  | of mutation]
 68900 | Lair:5   | Gained mutation: Your tail ends in a venomous barb. [potion
                  | of mutation]
 68900 | Lair:5   | Gained mutation: You can exhale a cloud of poison. [potion
                  | of mutation]
 69253 | Zot:1    | Entered Level 1 of the Realm of Zot
 69525 | Zot:2    | Reached skill level 18 in Fire Magic
 70178 | Zot:5    | Entered Level 5 of the Realm of Zot
 70899 | Zot:5    | Reached skill level 19 in Fire Magic
 71082 | Zot:5    | Noticed an orb of fire
 71092 | Zot:5    | Killed an orb of fire
 71242 | Zot:5    | Reached XP level 26. HP: 176/231 MP: 35/40
 71326 | Zot:5    | Noticed a dread lich
 71338 | Zot:5    | Killed a dread lich
 71561 | Zot:5    | Noticed an orb of fire
 71569 | Zot:5    | Gained mutation: You occasionally lose the ability to drink
                  | potions when taking damage. [an orb of fire]
 71584 | Zot:5    | Killed an orb of fire
 71788 | Zot:5    | Lost mutation: You occasionally lose the ability to drink
                  | potions when taking damage. [potion of mutation]
 71788 | Zot:5    | Lost mutation: Your tail ends in a venomous barb. [potion
                  | of mutation]
 71788 | Zot:5    | Lost mutation: You can exhale a cloud of poison. [potion of
                  | mutation]
 71788 | Zot:5    | Gained mutation: Your tail ends in a venomous barb. [potion
                  | of mutation]
 71788 | Zot:5    | Gained mutation: You are clumsy. (Dex -2) [potion of
                  | mutation]
 71788 | Zot:5    | Gained mutation: Your flesh is cold resistant. (rC+)
                  | [potion of mutation]
 71808 | Zot:5    | Noticed an orb of fire
 71811 | Zot:5    | Gained mutation: Your body sometimes deteriorates upon
                  | taking damage. [an orb of fire]
 71813 | Zot:5    | Gained mutation: You occasionally lose the ability to read
                  | scrolls when taking damage. [an orb of fire]
 71815 | Zot:5    | Killed an orb of fire
 72231 | Zot:5    | Noticed an orb of fire
 72242 | Zot:5    | Killed an orb of fire
 72457 | Zot:5    | Got the Orb of Zot
 72650 | Depths:3 | Noticed Heisenuv the pandemonium lord
 72656 | Depths:3 | Killed Heisenuv the pandemonium lord
 73203 | D:1      | gg
 73204 | D:$      | Escaped with the Orb!

Illustrated notes

#....# ##..###.#.#..#...# #....#
#.###.(##.##...... #....#
#.#...#.##.#..##.. ####.#
#..######.#...#..# #.#
####.#...#..#...#.
########'########.#.###.##......
#............##..##.#.#...##...#
#............###..##.##.##...2#.
#............##@.#..#.##...#....
#............###################
#............####### #####
#............'.....## #....
#............#####..# #....
#............# ##.# #....
#............# #.### #)...
#............# #...######....
#............# ###......#....


Turn 73203 on D:1: gg

Levels and vault maps discovered:
D:1:      erik_arrival_cave_to_civilisation [erik_arrival_cave_to_temple],
          layout_basic, serial_shops, shop
D:2:      layout_loops_ring, serial_shops,
          nicolae_shop_competitors_out_of_business,
          shapermc_ecumenical_altar_petra, basic_altar
D:3:      layout_rooms, uniq_sigmund
D:4:      layout_rooms, nicolae_uskayaw_suspiria, cheibrodos_sewer_entry_drain,
          kennysheep_boxes, uniq_eustachio
D:5:      layout_basic
D:6:      layout_basic, mainiacjoe_overflow_catwalk_spiral,
          gup_ossuary_entry_pyramid, minmay_misc_feat_chi,
          nicolae_zig_zag_zippers, uniq_menkaure
D:7:      layout_cave_pools, minmay_temple_entry_enclosed_plants,
          uniq_prince_ribbit1
D:8:      layout_basic, bloody_trog, nicolae_twisty_statue_hallways,
          uniq_amaemon, uniq_jeremiah
D:9:      layout_cave_pods, dpeg_oklobed_lair, serial_shops, shop
D:10:     layout_grid_maze, nicolae_ru_the_path_less_chosen,
          gammafunk_temple_overflow_pools, minmay_misc_feat_enclosed,
          uniq_fannar
D:11:     layout_long_grid, orc_0_dummy, portal_ice_cave_entry_ice_simulacra
D:12:     layout_cave_pools, ebering_ghost_rock_garden, minmay_circle_x,
          uniq_urug
D:13:     layout_long_grid, hellmonk_vaults_keyhole, uniq_sonja
D:14:     layout_basic, serial_shops, shop, minmay_holes,
          roderic_serpentine_path
D:15:     hellmonk_depths_entry_around_the_bend, layout_layer_cave,
          hangedman_abyss_or_decor_stagger
Lair:1:   layout_loops_ring
Lair:2:   layout_misc_corridors, shoals_dummy_entry, gauntlet_entry_generic,
          pdpol_lair_cabin_in_the_woods, uniq_erica, uniq_gastronok
Lair:3:   layout_regular_city, nicolae_spider_entry_orb_guardian, basic_altar,
          lemuel_fruit_tree
Lair:4:   layout_gridlike
Lair:5:   minmay_lair_end_frog_pond, layout_gridlike, slime_entry_1
Shoals:1: layout_shoals, nicolae_shoals_siren_and_animal_friends
Shoals:2: layout_shoals, uniq_ilsuiw
Shoals:3: layout_shoals
Shoals:4: shoals_end_hellmonk_lost_city, uniq_polyphemus, uniq_mlioglotl
Spider:1: layout_cave_pods
Spider:2: layout_chambers, nicolae_spider_not_touching_you, uniq_louise
Spider:3: layout_spider_delve, uniq_azrael, uniq_asterion
Spider:4: spider_rune_water, uniq_arachne
Slime:1:  layout_caves
Slime:2:  layout_caves
Slime:3:  layout_caves
Slime:4:  layout_caves, cheibrodos_slime_lost_civilization_7
Slime:5:  slime_pit_nicolae_royal_road_to_ruin
Orc:1:    layout_caves, ebering_ghost_xom, serial_shops, shop, shop, shop, shop,
          nicolae_shop_peninsula
Orc:2:    kennysheep_orc_mage_school, layout_caves, mines4_lemuel
Elf:1:    eino_elf_arrival_the_gate, layout_geoelf_octagon, serial_shops,
          nicolae_shop_hallway_plus, hangedman_corner_corridor,
          grunt_megastairs_5
Elf:2:    nicolae_elf_blades_splatter_lattice [infiniplex_blade_entry_pillars],
          layout_rooms
Elf:3:    elf_hall, layout_geoelf_diagonals, serial_shops, shop_fountains
Vaults:1: nicolae_vaults_diamond_2, v_misc_16, grunt_vaults_twisty,
          ontoclasm_vaults_ligature, nicolae_vaults_you_can_take_it_with_you,
          vaults_room_grunt_arrival_ludios, layout_vaults_quadrants, uniq_donald
Vaults:2: nicolae_vaults_angled_halls, nicolae_vaults_mini_display_case,
          v_misc_12, nicolae_vaults_offset_grid_hallway_2,
          nicolae_vaults_closet_pinwheel_5, ontoclasm_vaults_shuriken,
          serial_ice_h, nicolae_vaults_ninety_degrees, ontoclasm_vaults_pinch,
          vaults_room_pool, hangedman_vaults_impose,
          nicolae_vaults_oval_intersection, vaults_dpeg_hooks, v_misc_12,
          layout_vaults_big_cross, serial_shops, bzr_entry_customers,
          uniq_bai_suzhen, uniq_jory
Vaults:3: blue_anna_dwarven_crypt, nicolae_vaults_bisected_inception,
          nicolae_vaults_oval_intersection, hangedman_vaults_maws,
          nicolae_vaults_border_crossing, nicolae_vaults_alarming,
          nicolae_vaults_more_shelving_2, nicolae_vaults_diagonal_hallway_8,
          nicolae_vaults_tetromino_Z_2, vaults_dpeg_ring, v_alt_pattern_1,
          hangedman_vaults_nodes, nicolae_vaults_offset_grid_hallway_1,
          v_rooms_3, layout_vaults_maze_bifur, serial_shops, shop_statue
Vaults:4: nicolae_vaults_offset_grid_hallway_2, vaults_room_hallway,
          hangedman_vaults_trim, st_cells, v_misc_27, hangedman_vaults_cutoff,
          nicolae_vaults_variable_pillar_hall, nicolae_vaults_disjoint_gnomons,
          nicolae_vaults_closet_pinwheel_4, nicolae_vaults_shrinking_rooms_2,
          nicolae_vaults_trapezoid_4, ontoclasm_vaults_fault, v_misc_13,
          layout_vaults_omnibox, serial_shops, shop,
          nicolae_shop_bloodbath_and_beyond, shop, nicolae_book_shop_shelving
Crypt:1:  minmay_shadows, layout_basic, minivault_25,
          grunt_crypt_arrival_guarded_gate, uniq_grunn
Crypt:2:  layout_basic
Crypt:3:  grunt_crypt_end_deaths_head
Depths:1: angbandy_vault, layout_cave_shapes, enter_ziggurat_d, serial_shops,
          shop, nzn_wu_jian_contemplation, grunt_hell_entry_dis_old,
          nicolae_qazlal_general_emergency
Depths:2: minmay_the_grid_plus [minmay_the_grid_tree,
          minmay_the_grid_zigzag_pyramid, minmay_the_grid_fan,
          minmay_the_grid_outer_circle, minmay_the_grid_prize_big_room],
          layout_cross, rand_demon_pan_entry_4, hell_entry,
          serial_bayou_shore_b, serial_column_ruins,
          column_ruins_portal_astroid, column_ruins_temple_circle,
          column_ruins_hut_pillars, column_ruins_open_medium_water,
          column_ruins_open_tiny, column_ruins_open_small,
          column_ruins_columns_corner, column_ruins_corridor_straight,
          nicolae_shop_gadgets, uniq_saint_roka
Depths:3: evilmike_wizard_prison, layout_cave_shapes, abyss_entry_glasseish,
          infiniplex_staircase_star, ebering_ghost_gozag, serial_shops,
          nicolae_shop_crystal, hell_entry, chequers_big_river
Depths:4: evilmike_zot_entry_argh, layout_basic, amcnicky_mini_pool_small,
          ebering_ghost_rock_garden, abyss_entry_flame_altar, lightli_too_deep,
          uniq_parghit
Zot:1:    layout_gridlike
Zot:2:    layout_basic
Zot:3:    layout_gridlike, grunt_megastairs_3
Zot:4:    circus_mu, layout_basic
Zot:5:    layout_gridlike

Skill      XL: |  1  2  3  4  5  6  7  8  9 10 11 12 13 14 15 16 17 18 19 20 21 22 23 24 25 26 |
---------------+-------------------------------------------------------------------------------+-----
Conjurations   | 2 8 5 9 10 11 12 13 15 16 14 15 17 | 17.0
Fighting       | 1 2 3 4 6 7 9 11 10 12 13 | 13.0
Fire Magic     | 4 5 6 7 8 9 10 11 13 15 13 14 16 19 | 19.0
Spellcasting   | 3 4 4 5 7 9 10 10 11 12 13 | 13.0
Stealth        | 3 |  3.3
Dodging        | 2 5 4 |  4.5
Armour         | 5 7 8 11 10 | 10.1
Translocations | 3 5 4 |  4.5
Earth Magic    | 5 11 12 13 11 | 11.9
Evocations     | 6 8 10 9 11 12 | 12.0
Polearms       | 4 6 5 |  5.4
Summonings     | 3 7 9 14 15 16 17 | 17.0
Staves         | 1 |  1.9

Action                     |  1- 3 |  4- 6 |  7- 9 | 10-12 | 13-15 | 16-18 | 19-21 | 22-24 | 25-27 || total
---------------------------+-------+-------+-------+-------+-------+-------+-------+-------+-------++-------
  Melee: Short sword       |    14 |       |       |       |       |       |       |       |       ||    14
         Dagger            |    17 |    10 |       |       |       |       |       |       |       ||    27
         Staff             |       |     7 |    10 |   163 |   117 |    63 |   187 |  1747 |   477 ||  2771
         Trishula          |       |       |       |    22 |   443 |   982 |   184 |       |       ||  1631
         Constrict         |       |       |       |       |   110 |   187 |    67 |   239 |    45 ||   648
  Throw: Dart              |       |       |       |       |     2 |       |       |       |       ||     2
   Cast: Foxfire           |    60 |    95 |   292 |   188 |    34 |       |     1 |       |       ||   670
         Scorch            |     2 |     4 |    33 |    69 |    74 |     2 |       |       |       ||   184
         Flame Wave        |       |       |    14 |    94 |   161 |    75 |    16 |    19 |       ||   379
         Iskenderun's Myst |       |       |       |     9 |    11 |     8 |     3 |    24 |       ||    55
         Bombard           |       |       |       |       |     9 |    26 |    25 |    57 |    46 ||   163
         Fireball          |       |       |       |       |     1 |    80 |    48 |    25 |       ||   154
         Starburst         |       |       |       |       |       |       |   138 |   153 |     2 ||   293
         Leda's Liquefacti |       |       |       |       |       |       |     1 |     5 |       ||     6
         Spellforged Servi |       |       |       |       |       |       |       |    50 |    65 ||   115
         Irradiate         |       |       |       |       |       |       |       |    26 |    15 ||    41
         Ignition          |       |       |       |       |       |       |       |     9 |    34 ||    43
 Invoke: Sacrifice a Hand  |     1 |       |       |       |       |       |       |       |       ||     1
         Draw Out Power    |       |       |     1 |     4 |     2 |     1 |     4 |       |     1 ||    13
         Sacrifice Skill   |       |       |     1 |       |       |       |     1 |       |       ||     2
         Sacrifice Experie |       |       |     1 |       |       |       |       |       |       ||     1
         Reject Sacrifices |       |       |     1 |     1 |     2 |       |       |       |       ||     4
         Apocalypse        |       |       |       |     2 |     1 |     7 |     3 |     6 |     1 ||    20
Ability: Spit Poison       |     1 |       |       |       |     2 |       |       |       |       ||     3
  Evoke: Wand              |       |       |       |     4 |     5 |     8 |    11 |     1 |     4 ||    33
         Lightning rod     |       |       |       |       |       |     3 |     8 |       |     3 ||    14
         Box of beasts     |       |       |       |       |       |     1 |     1 |       |       ||     2
         Phial of floods   |       |       |       |       |       |     1 |     1 |       |       ||     2
         Phantom mirror    |       |       |       |       |       |       |       |       |     1 ||     1
    Use: Scroll            |     4 |     1 |    15 |     4 |     9 |     3 |     9 |     7 |    13 ||    65
         Potion            |       |       |       |       |     1 |     3 |     6 |     5 |    21 ||    36
   Stab: Paralysed         |       |       |       |       |     8 |    18 |       |    17 |     2 ||    45
         Invisible         |       |       |       |       |     1 |     5 |     4 |    20 |     5 ||    35
         Distracted        |       |       |       |       |     2 |     5 |     2 |    19 |    12 ||    40
         Sleeping          |       |       |       |       |     2 |     5 |     3 |     2 |       ||    12
         Confused          |       |       |       |       |       |     2 |       |       |       ||     2
 Armour: Robe              |    29 |    15 |    62 |     2 |       |       |       |       |       ||   108
         Steam dragon scal |       |       |       |    47 |       |       |       |       |       ||    47
         Animal skin       |       |       |       |   258 |   817 |  1546 |   688 |  2108 |   733 ||  6150
  Dodge: Dodged            |    34 |     5 |    53 |   243 |   557 |   926 |   391 |   951 |   143 ||  3303

Table legend: (Time is in decaauts)
 A = Elapsed time spent in this place.
 B = Non-inter-level travel time spent in this place.
 C = Inter-level travel time spent in this place.
 D = Time resting spent in this place.
 E = Time spent auto-exploring this place.
 F = Levels seen in this place.
 G = Mean time per level.
                   A        B        C        D        E       F      G
               +--------+--------+--------+--------+--------+-----+--------+
         Total |  89801 |  81459 |   8342 |  25228 |  36794 |  59 | 1522.1 |
       Dungeon |  22661 |  18962 |   3699 |   4386 |  11598 |  15 | 1510.7 |
          Lair |   8337 |   7545 |    792 |   2583 |   3581 |   5 | 1667.4 |
        Shoals |   5772 |   5613 |    159 |   1321 |   2854 |   4 | 1443.0 |
   Spider Nest |   7871 |   7458 |    413 |   2910 |   2745 |   4 | 1967.8 |
    Slime Pits |   2148 |   2050 |     98 |    825 |    451 |   5 |  429.6 |
  Orcish Mines |   2644 |   2445 |    199 |    797 |   1093 |   2 | 1322.0 |
   Elven Halls |   6091 |   5733 |    358 |   1999 |   2383 |   3 | 2030.3 |
        Vaults |  10726 |   9311 |   1415 |   3351 |   4095 |   4 | 2681.5 |
         Crypt |   6619 |   6425 |    194 |   1972 |   2581 |   3 | 2206.3 |
        Depths |   9034 |   8215 |    819 |   1880 |   3739 |   4 | 2258.5 |
           Zot |   3865 |   3672 |    193 |   1673 |    466 |   5 |  773.0 |
        Bazaar |    272 |    272 |      0 |     27 |    114 |   1 |  272.0 |
         Sewer |   1184 |   1184 |      0 |    314 |    595 |   1 | 1184.0 |
       Ossuary |    450 |    450 |      0 |    233 |    112 |   1 |  450.0 |
      Ice Cave |   1441 |   1441 |      0 |    856 |    152 |   1 | 1441.0 |
      Gauntlet |    679 |    679 |      0 |     96 |    228 |   1 |  679.0 |
               +--------+--------+--------+--------+--------+-----+--------+

Top non-repeatable levels by time:
Vaults:1: 2993 daAuts
     D:1: 2842 daAuts
Vaults:3: 2742 daAuts
   Zot:5: 2579 daAuts
   Elf:1: 2554 daAuts
Vaults:4: 2538 daAuts
Depths:3: 2530 daAuts
 Crypt:1: 2500 daAuts
Vaults:2: 2452 daAuts
Depths:1: 2434 daAuts
Spider:2: 2414 daAuts
   Elf:3: 2387 daAuts
 Crypt:3: 2254 daAuts
  Lair:5: 2242 daAuts
    D:10: 2237 daAuts
